 Dungeon Crawl Stone Soup version 0.29-a0-323-g050149af67 (webtiles) character file.

Game seed: 2148397563835994263

72 Jortsu the Vandal (level 4, -9/42 HPs)
             Began as a Troll Hunter on Apr 11, 2022.
             Mangled by an ice beast (12 damage)
             ... on level 3 of the Dungeon.
             The game lasted 00:02:49 (1988 turns).

Jortsu the Vandal (Troll Hunter)                    Turns: 1988, Time: 00:02:50

Health: -9/42      AC:  4    Str: 19    XL:     4   Next: 6%
Magic:  3/3        EV: 10    Int:  5    God:
Gold:   112        SH:  0    Dex: 15    Spells: 3/3 levels left

rFire   . . .      SeeInvis .     - Unarmed
rCold   . . .      Faith    .   (no shield)
rNeg    . . .      Spirit   .   b - +0 robe
rPois   .          Reflect  .   (helmet restricted)
rElec   .          Harm     .   (no cloak)
rCorr   .          Rampage  .   (gloves unavailable)
Will    .....                   (boots unavailable)
Stlth   ++........              (no amulet)
HPRegen 0.94/turn               (no ring)
MPRegen 0.08/turn               (no ring)

@: no status effects
A: large, unfitting armour, claws 3, regeneration 1, shaggy fur 1, tough skin 1
a: no special abilities


You were on level 3 of the Dungeon.
You visited 1 branch of the dungeon, and saw 3 of its levels.

You collected 112 gold pieces.

Inventory:

Hand Weapons
 a - a +1 hunting sling
Armour
 b - a +0 robe (worn)
Scrolls
 c - 2 scrolls of immolation
 g - a scroll of enchant weapon {unknown}
 j - a scroll of noise {unknown}
Potions
 d - 2 potions of curing {unknown}
 e - a potion of lignification {unknown}
 f - a potion of berserk rage {unknown}
 h - 2 potions of resistance
 i - a potion of heal wounds {unknown}


   Skills:
 + Level 1.9 Fighting
 + Level 3.1 Slings
 + Level 1.9 Dodging
 + Level 0.5 Stealth
 + Level 2.0 Unarmed Combat


You had 3 spell levels left.
You didn't know any spells.
Your spell library contained the following spells:

 Spells                   Type           Power      Damage    Failure   Level
 Ignite Poison            Fire/Tmut/Pois 0%         N/A       85%         3
 Mephitic Cloud           Conj/Pois/Air  0%         N/A       85%         3
 Freezing Cloud           Conj/Ice/Air   0%         6-21      100%        5


Dungeon Overview and Level Annotations

Branches:
Dungeon (3/15)

Altars:
Ru


Innate Abilities, Weirdness & Mutations

You are too large for most types of armour.
You have claws for hands.
Your natural rate of healing is unusually fast.
You are covered in fur. (AC +1)
You have tough skin. (AC +1)


Message History

You scratch the rat.
You kill the rat!
You scratch the hobgoblin but do no damage.
The hobgoblin is severely wounded.
The hobgoblin hits you but does no damage.
You scratch the hobgoblin.
You kill the hobgoblin!
You barely miss the ice beast. The ice beast hits you.
The ice beast freezes you!
You barely miss the ice beast. The ice beast barely misses you.
You scratch the ice beast but do no damage.
The ice beast hits you. The ice beast freezes you!
You barely miss the ice beast.
The ice beast hits you but does no damage.
You closely miss the ice beast.
The ice beast hits you but does no damage.
You barely miss the ice beast. The ice beast hits you.
The ice beast freezes you!
You closely miss the ice beast. The ice beast closely misses you.
You scratch the ice beast.
The ice beast is moderately wounded.
The ice beast hits you but does no damage.
You claw the ice beast!
The ice beast is heavily wounded.
The ice beast hits you but does no damage.
You scratch the ice beast.
The ice beast is severely wounded.
You closely miss the ice beast.
The ice beast is severely wounded.
The ice beast hits you. The ice beast freezes you!
* * * LOW HITPOINT WARNING * * *
You scratch the ice beast.
The ice beast is severely wounded.
The ice beast closely misses you.
You barely miss the ice beast.
The ice beast is severely wounded.
The ice beast hits you.
* * * LOW HITPOINT WARNING * * *
The ice beast freezes you!
You die...

... .. #.# #.
#+#.##. #.#
######.
.......##.#
.......
#......#.#
#######
#......#.#
#).....
#......Y.#
#.####.
#.!...#..# #.#
#.
#.....#..######
#.####.
#.....#.>.Y@..#
#...##.
#.....#######.#
# #.#.##.
#....) #.#
#.###.##.
###### #.#
#.....##. #.#
####..##. #.#
#....... #.#
#....... #.#
#....... #.#
#.......


You could see an ice beast.

Vanquished Creatures
  An adder (D:2)
  A worm (D:2)
  A dart slug (D:1)
  An orc (D:3)
  4 ball pythons
  8 endoplasms
  7 goblins
  4 hobgoblins
  6 jackals
  2 quokkas (D:1)
  5 bats
  2 frilled lizards
  3 kobolds
  7 rats
52 creatures vanquished.

Notes
Turn   | Place    | Note
-------+----------+-------------------------------------------
     0 | D:1      | Jortsu the Troll Hunter began the quest for the Orb.
     0 | D:1      | Reached XP level 1. HP: 19/19 MP: 0/0
   102 | D:1      | Reached XP level 2. HP: 23/27 MP: 1/1
   137 | D:1      | Reached skill level 3 in Slings
   459 | D:1      | You fall into a shaft and drop 1 floor!
   466 | D:2      | Reached XP level 3. HP: 15/35 MP: 2/2
   544 | D:2      | Reached skill level 1 in Unarmed Combat
  1282 | D:2      | Found a faded altar of an unknown god.
  1286 | D:2      | Prayed at the altar of an unknown god.
  1286 | D:2      | Became a worshipper of Ru the Awakened
  1287 | D:2      | Fell from the grace of Ru
  1887 | D:3      | Reached XP level 4. HP: 42/42 MP: 3/3
  1959 | D:3      | Noticed an ice beast
  1986 | D:3      | HP: 2/42 [ice beast (13)]
  1988 | D:3      | Mangled by an ice beast

Illustrated notes

Levels and vault maps discovered:
D:1:      lightli_arrival_flooded_house, layout_loops_ring
D:2:      layout_basic, hellmonk_ecumenical_altar_leap_of_faith,
          hangedman_decor_push
D:3:      minmay_evil_eye, layout_basic, tgw_fedhas, portal_sewer_entry_b

Skill      XL: |  1  2  3  4 |
---------------+-------------+-----
Slings         | 3 |  3.1
Unarmed Combat | 1 2 |  2.0
Fighting       | |  1.9
Dodging        | |  1.9
Stealth        | |  0.5

Action                   |  1- 3 |  4- 6 || total
-------------------------+-------+-------++-------
Melee: Unarmed           |   137 |    24 ||   161
       Punch             |     3 |       ||     3
Invok: Renounce Religion |     1 |       ||     1
  Use: Scroll            |     2 |       ||     2
 Stab: Sleeping          |     2 |       ||     2
Armor: Robe              |    61 |     7 ||    68
Dodge: Dodged            |    86 |    11 ||    97

Table legend: (Time is in decaauts)
 A = Elapsed time spent in this place.
 B = Non-inter-level travel time spent in this place.
 C = Inter-level travel time spent in this place.
 D = Time resting spent in this place.
 E = Time spent auto-exploring this place.
 F = Levels seen in this place.
 G = Mean time per level.
                   A        B        C        D        E       F      G
               +--------+--------+--------+--------+--------+-----+--------+
         Total |   1984 |   1927 |     57 |     21 |   1441 |   3 |  661.3 |
       Dungeon |   1984 |   1927 |     57 |     21 |   1441 |   3 |  661.3 |
               +--------+--------+--------+--------+--------+-----+--------+

Top non-repeatable levels by time:
     D:2: 1010 daAuts
     D:1: 778 daAuts
     D:3: 195 daAuts
